 Dungeon Crawl Stone Soup version 0.23.2-1-ga50397a (webtiles) character file.

Game seed: 14506696128120361212

1805 GuyDeFluk the Thaumaturge (level 8, -14/36 HPs)
             Began as a Spriggan Enchanter on May 13, 2019.
             Was a Follower of Dithmenos.
             Killed by divine providence
             ... invoked by an orc priest
              (16 damage)
             ... on level 6 of the Dungeon.
             The game lasted 00:50:03 (9451 turns).

GuyDeFluk the Thaumaturge (Spriggan Enchanter)      Turns: 9451, Time: 00:50:04

Health: -14/36     AC:  3    Str:  6    XL:     8   Next: 84%
Magic:  15/23      EV: 18    Int: 16    God:    Dithmenos [*.....]
Gold:   84         SH:  0    Dex: 17    Spells: 21/27 levels left

rFire    . . .     SeeInvis +   m - +3 dagger (venom)
rCold    . . .     Gourm    .   (shield restricted)
rNeg     . . .     Faith    .   b - +0 robe
rPois    .         Spirit   .   (helmet restricted)
rElec    .         Reflect  .   o - +0 cloak
rCorr    .         Harm     .   (gloves unavailable)
MR       +....                  (boots unavailable)
Stlth    +++++.....             (no amulet)
HPRegen  0.12/turn              (no ring)
MPRegen  0.18/turn              (no ring)

@: wreathed by umbra, very quick
A: very small, unfitting armour, see invisible, herbivore, speed 3, slow
metabolism 2
a: Renounce Religion


You were on level 6 of the Dungeon.
You worshipped Dithmenos.
Dithmenos was aware of your devotion.
You were not hungry.

You visited 2 branches of the dungeon, and saw 7 of its levels.

You collected 199 gold pieces.
You spent 115 gold pieces at shops.

Inventory:

Hand Weapons
 h - a +2 dagger of draining
 m - a +3 dagger of venom (weapon)
Armour
 b - a +0 robe (worn)
 o - a +0 cloak (worn)
Jewellery
 c - an uncursed ring of ice
 p - an uncursed ring of poison resistance {unknown}
Scrolls
 e - 3 scrolls of magic mapping
 l - 3 scrolls of remove curse
 n - 2 scrolls of identify
 q - a scroll of fear {unknown}
Potions
 a - a potion of brilliance {unknown}
 f - a potion of curing
 g - 2 potions of ambrosia
 i - 2 potions of lignification
 j - a potion of berserk rage {unknown}
 k - a potion of haste {unknown}
 r - a potion of invisibility {unknown}
 s - a potion of agility {unknown}
Comestibles
 d - a ration


   Skills:
 - Level 5.2 Short Blades
 - Level 3.0 Dodging
 - Level 8.1 Stealth
 - Level 10.0 Spellcasting
 + Level 6.9 Hexes


You had 21 spell levels left.
You knew the following spells:

 Your Spells              Type           Power        Failure   Level  Hunger
a - Corona                Hex            ####...      1%          1    None
b - Ensorcelled Hibernat  Hex/Ice        ###...       3%          2    None
c - Confuse               Hex            ####....     1%          3    None

Your spell library contained the following spells:

 Spells                   Type           Power        Failure   Level  Hunger
 Confusing Touch          Hex            ####..       1%          1    None
 Tukima's Dance           Hex            ####....     1%          3    None
 Dazzling Spray           Conj/Hex       ###...       7%          3    None
 Leda's Liquefaction      Hex/Erth       ###.......   22%         4    ###....
 Gell's Gravitas          Tloc           #.........   26%         3    None
 Metabolic Englaciation   Hex/Ice        ###.......   52%         5    #####..
 Yara's Violent Unravell  Hex/Tmut       ###.......   52%         5    #####..
 Petrify                  Tmut/Erth      #.......     65%         4    ###....
 Bolt of Magma            Conj/Fire/Erth #.........   94%         5    #####..
 Iron Shot                Conj/Erth      #.........   100%        6    ######.
 Statue Form              Tmut/Erth      #........    100%        6    ######.
 Shatter                  Erth           #.........   100%        9    #######


Dungeon Overview and Level Annotations

Branches:
Dungeon (6/15)             Temple (1/1) D:4

Altars:
Ashenzari
Dithmenos
Fedhas
Hepliaklqana
Okawaru
Qazlal
Ru
Trog
Wu Jian
Xom
Yredelemnul

Shops:
D:5 ?=(


Innate Abilities, Weirdness & Mutations

You are very small and have problems with some larger weapons.
You are too small for most types of armour.
You have supernaturally acute eyesight. (SInv)
You are a herbivore.
You cover ground extremely quickly.
You need to consume almost no food.


Message History

Casting: Confuse (safe; 1% risk of failure)
Confirm with . or Enter, or press ? or * to list all spells.
Aiming: Confuse (safe; 1% risk of failure)
Press: ? - help, Shift-Dir - straight line, f/p - worker ant
Aim: a worker ant (umbra, chance to defeat MR: 67%)
The worker ant appears confused.
You catch the helpless worker ant completely off-guard!
You impale the worker ant!!
You kill the worker ant!
Dithmenos accepts your kill.
The orc priest mumbles some strange prayers to Beogh against you.
Beogh smites you!
The orc priest invokes the aid of Beogh against you.
Beogh smites you!
* * * LOW HITPOINT WARNING * * *
The orc priest mumbles some strange prayers to Beogh against you.
You resist with some effort.
The orc priest invokes the aid of Beogh against you.
Beogh smites you!
You die...

.....o............
..................
........a.........
..................
.......o..........
..................
#######o##.#.#.#..
#.)†o)...#.#.#.#..
#@########.###.#..
################....#[...........
..............#####.#.###.#...#..
##............'..##..............
.................####.###.#.#.##.
............................#.###
...†.............####.#.....#.###
............................#...'
........................#.<.#..##


You could see 2 orc priests.

Vanquished Creatures
  Grinder (D:3)
  A hippogriff (D:6)
  Eustachio (D:4)
  Edmund (D:4)
  Duvessa (D:4)
  2 ogres (D:5)
  A centaur (D:5)
  A scorpion (D:5)
  Dowan (D:4)
  A howler monkey (D:6)
  A crimson imp (D:6)
  2 hounds
  2 orc priests
  6 orc wizards
  A centaur skeleton (D:6)
  3 iguanas
  2 worker ants
  A gnoll (D:5)
  5 adders
  A shadow imp (D:6)
  3 oozes
  An adder zombie (D:6)
  A worm (D:3)
  A dart slug (D:2)
  2 leopard geckos (D:3)
  28 orcs
  7 bats
  4 giant cockroaches
  12 goblins
  7 hobgoblins
  A quokka (D:5)
  2 ball pythons (D:3)
  17 frilled lizards
  13 kobolds
  A quokka skeleton (D:5)
  10 rats
145 creatures vanquished.

Notes
Turn   | Place    | Note
-------+----------+-------------------------------------------
     0 | D:1      | GuyDeFluk the Spriggan Enchanter began the quest for the
                  | Orb.
     0 | D:1      | Reached XP level 1. HP: 9/9 MP: 5/5
   108 | D:1      | Reached XP level 2. HP: 7/13 MP: 6/6
   314 | D:1      | Reached skill level 5 in Stealth
  1109 | D:1      | Reached XP level 3. HP: 15/16 MP: 8/8
  1419 | D:2      | Found a blossoming altar of Fedhas.
  2129 | D:2      | Found a faded altar of an unknown god.
  2768 | D:2      | Learned a level 2 spell: Ensorcelled Hibernation
  2772 | D:2      | Learned a level 3 spell: Confuse
  2845 | D:2      | Reached XP level 4. HP: 21/21 MP: 9/9
  3904 | D:3      | Noticed Grinder
  3916 | D:3      | Killed Grinder
  3916 | D:3      | Reached skill level 5 in Short Blades
  3916 | D:3      | Reached XP level 5. HP: 24/24 MP: 3/10
  3916 | D:3      | Reached XP level 6. HP: 28/28 MP: 3/11
  4512 | D:4      | Noticed Eustachio
  4670 | D:4      | Noticed Duvessa
  4671 | D:4      | Noticed Dowan
  4673 | D:4      | Killed Dowan
  4673 | D:4      | Reached skill level 3 in Spellcasting
  4813 | D:4      | Killed Duvessa
  4993 | D:4      | Found a staircase to the Ecumenical Temple.
  5000 | Temple   | Entered the Ecumenical Temple
  5015 | Temple   | Became a worshipper of Dithmenos the Shadowed
  5237 | D:4      | Reached skill level 4 in Spellcasting
  5237 | D:4      | Reached XP level 7. HP: 10/32 MP: 12/14
  5535 | D:4      | Noticed Edmund
  5592 | D:4      | Killed Eustachio
  5592 | D:4      | Reached skill level 5 in Hexes
  5855 | D:4      | Killed Edmund
  5855 | D:4      | Reached skill level 5 in Spellcasting
  6045 | D:4      | Reached skill level 6 in Spellcasting
  6320 | D:5      | Entered Level 5 of the Dungeon
  6321 | D:5      | Found Deseo's Jewellery Shop.
  7249 | D:5      | Reached skill level 7 in Spellcasting
  7307 | D:5      | Found Caoch's Antique Weapon Shop.
  7433 | D:5      | Found a shimmering altar of Xom.
  7466 | D:5      | Reached * piety under Dithmenos
  7466 | D:5      | Reached XP level 8. HP: 36/36 MP: 14/20
  7617 | D:5      | Reached skill level 8 in Spellcasting
  7739 | D:5      | Found Biec's Magic Scroll Boutique.
  7744 | D:5      | Bought a scroll of enchant weapon for 82 gold pieces
  7744 | D:5      | Bought a scroll of remove curse for 33 gold pieces
  7942 | D:5      | Found an iron altar of Okawaru.
  8297 | D:6      | Reached skill level 9 in Spellcasting
  9278 | D:6      | Noticed a hippogriff
  9299 | D:6      | Reached skill level 10 in Spellcasting
  9313 | D:6      | Killed a hippogriff
  9451 | D:6      | Killed from afar by an orc priest

Skill      XL: |  1  2  3  4  5  6  7  8 |
---------------+-------------------------+-----
Stealth        | 5 6 7 8 |  8.1
Short Blades   | 2 3 5 |  5.2
Spellcasting   | 4 7 10 | 10.0
Hexes          | 4 5 6 |  6.9
Dodging        | |  3.0

Action                   |  1- 3 |  4- 6 |  7- 9 || total
-------------------------+-------+-------+-------++-------
Melee: Dagger            |   203 |   123 |   231 ||   557
 Cast: Confuse           |       |     6 |     7 ||    13
       Corona            |       |     6 |     3 ||     9
       Ensorcelled Hiber |       |       |    45 ||    45
  Use: Scroll            |     2 |     7 |     2 ||    11
       Potion            |     2 |       |       ||     2
 Stab: Sleeping          |    16 |     7 |    15 ||    38
       Confused          |       |     2 |     4 ||     6
       Distracted        |       |       |     3 ||     3
  Eat: Ration            |       |     2 |     2 ||     4
Armor: Robe              |    16 |     9 |    10 ||    35
Dodge: Dodged            |   122 |    64 |   141 ||   327
